 Dungeon Crawl Stone Soup version 0.21.1-1-g345015f (webtiles) character file.

144 shakethe the Skirmisher (level 5, -1/33 HPs)
             Began as a Gargoyle Fighter on Feb 14, 2018.
             Killed from afar by Sigmund (2 damage)
             ... with a magic dart
             ... on level 4 of the Dungeon.
             The game lasted 00:03:09 (2511 turns).

shakethe the Skirmisher (Gargoyle Fighter)          Turns: 2511, Time: 00:03:09

Health: -1/33      AC: 15    Str: 24    XL:     5   Next: 26%
Magic:  5/5        EV:  1    Int: 10    God:
Gold:   206        SH:  9    Dex:  9    Spells: 4/4 levels left

rFire    . . .     SeeInvis .   a - +0 war axe
rCold    . . .     Gourm    .   c - +0 shield
rNeg     + . .     Faith    .   t - +0 plate armour
rPois    ∞         Spirit   .   (no helmet)
rElec    +         Reflect  .   (no cloak)
rCorr    .         Harm     .   (no gloves)
MR       .....                  (no boots)
Stlth    ..........             (no amulet)
HPRegen  0.11/turn              (no ring)
MPRegen  0.09/turn              (no ring)

@: mighty, constricted, very slow
A: negative energy resistance 1, electricity resistance, unbreathing,
petrification resistance, rot immunity, AC +4
a: no special abilities


You were on level 4 of the Dungeon.
You were hungry.

You visited 1 branch of the dungeon, and saw 4 of its levels.

You collected 206 gold pieces.

Inventory:

Hand Weapons
 a - a +0 war axe (weapon)
Missiles
 g - a throwing net {=f, !d}
Armour
 c - a +0 shield (worn)
 t - a +0 plate armour (worn)
   (You found it on level 3 of the Dungeon)
Scrolls
 b - 3 scrolls of remove curse {unknown}
 e - a scroll of noise {unknown}
 k - 2 scrolls of enchant weapon {unknown}
 m - 2 scrolls of teleportation {unknown}
 n - 3 scrolls of identify {unknown}
 o - 2 scrolls of blinking {unknown}
 s - a scroll of fear {unknown}
 u - a scroll of amnesia {unknown}
Potions
 h - a potion of curing {unknown}
 j - 2 potions of flight {unknown}
 l - a potion of agility {unknown}
 p - a potion of brilliance {unknown}
 q - 2 potions of mutation {unknown}
 r - 2 potions of heal wounds {unknown}
Comestibles
 f - 7 rations


   Skills:
 + Level 4.2 Fighting
 * Level 3.6 Axes
 + Level 4.2 Armour
 - Level 3.2 Shields


You had 4 spell levels left.
You didn't know any spells.

Dungeon Overview and Level Annotations

Branches:
Dungeon (4/15)
 Temple: D:4-7

Altars:
Makhleb
Ru
Zin

Portals:
Sewer: D:4

Annotations:
D:4 Sigmund


Innate Abilities, Weirdness & Mutations

You are resistant to torment.
Your stone body is resilient. (AC +4)
You are immune to poison.
You resist negative energy. (rN+)
You are resistant to electric shocks. (rElec)
You can survive without breathing.
You are immune to petrification.
You are immune to rotting.


Message History

The ball python bites you but does no damage.
The ball python grabs you. The ball python constricts you.
You block the river rat's attack.
Sigmund screams, "You will never...
NEVER!!!"
Found a stone staircase leading down.
You escape the ball python's grasp.
You enter the shallow water.
Moving in this stuff is going to be slow.
The rat splashes around in the water.
Sigmund completely misses you.
The ball python bites you but does no damage.
You block the ball python's attack. The rat bites you.
You take 2 damage, and have 31/33 hp.
Your plate armour prevents you from hitting Sigmund.
Your shield and plate armour prevent you from hitting the river rat.
Your shield prevents you from hitting the ball python.
Your plate armour prevents you from hitting the rat.
You closely miss the rat. The river rat barely misses you.
You block the rat's attack. The ball python barely misses you.
The ball python grabs you. The ball python constricts you.
The rat bites you but does no damage.
The river rat bites you but does no damage.
You block Sigmund's attack.
Your unstable footing causes you to fumble your attack.
The ball python bites you but does no damage.
The ball python constricts you.
The rat splashes around in the water.
The rat bites you but does no damage.
The river rat bites you but does no damage.
The ball python bites you but does no damage.
The ball python constricts you.
The rat splashes around in the water.
You closely miss Sigmund. You hit the river rat but do no damage.
You closely miss the ball python. You hit the rat but do no damage.
You hit the rat.
You kill the rat!
Sigmund mumbles some strange words.
Sigmund flickers and vanishes!
Deactivating autopickup; reactivate with Ctrl-A.
The rat splashes around in the water.
You block the ball python's attack. The ball python constricts you.
The river rat bites you but does no damage.
Something hits you but does no damage. You block the rat's attack.
The ball python bites you. The ball python constricts you.
You take 2 damage, and have 30/33 hp.
Your unstable footing causes you to fumble your attack.
The river rat bites you but does no damage.
The ball python bites you but does no damage.
The ball python constricts you. You block the rat's attack.
The river rat bites you but does no damage.
Something hits you.
You take 4 damage, and have 26/33 hp.
Your unstable footing causes you to fumble your attack.
You block the ball python's attack. The ball python constricts you.
You block the rat's attack.
The river rat bites you but does no damage.
The ball python bites you but does no damage.
The ball python constricts you.
You closely miss something. You barely miss the river rat.
Your shield and plate armour prevent you from hitting the ball python.
Your plate armour prevents you from hitting the rat.
Something hits you. The rat bites you but does no damage.
The river rat bites you but does no damage.
You block the ball python's attack. The ball python constricts you.
The rat bites you but does no damage.
The ball python bites you but does no damage.
The ball python constricts you.
The river rat bites you but does no damage.
You block something's attack.
You take 2 damage, and have 24/33 hp.
Unknown command.
You feel very mighty all of a sudden.
The rat splashes around in the water.
You block the ball python's attack. The ball python constricts you.
The river rat barely misses you.
You miss something. You hit the river rat. You closely miss the ball python.
You closely miss the rat. Something hits you!
You block the ball python's attack. The ball python constricts you.
The rat bites you but does no damage. The river rat bites you.
You take 15 damage, and have 10/33 hp.
MASSIVE DAMAGE!!
Your unstable footing causes you to fumble your attack.
The ball python bites you.
* * * LOW HITPOINT WARNING * * *
The ball python constricts you. The rat bites you but does no damage.
You block the river rat's attack.
You hear some strange, mumbled words.
A magic dart appears from out of thin air!
The magic dart hits you!
* * * LOW HITPOINT WARNING * * *
The ball python bites you but does no damage.
The ball python constricts you.
The rat splashes around in the water.
You take 5 damage, and have 5/33 hp.
Your shield and plate armour prevent you from hitting something.
You closely miss the river rat. You closely miss the ball python.
Your shield and plate armour prevent you from hitting the rat.
The river rat bites you.
* * * LOW HITPOINT WARNING * * *
The ball python bites you but does no damage.
* * * LOW HITPOINT WARNING * * *
The ball python constricts you.
You hear some strange, mumbled words.
A magic dart appears from out of thin air!
The magic dart hits you!
You die...

######.#.####...#.#.#
..###...........###.
#.##
#.##...#......... #.
#.# #.###.....#### #.
#.###.###.....# .
>.............#
..#..........#.# ..
#...≈≈r....#.# ...
#..≈≈≈@S...#.#
....≈≈{≈r...#
....≈≈≈≈≈......
.....≈≈≈....#...
................
............#..#
.#..........>..
##.######....


You could see a river rat, a ball python and a rat.

Vanquished Creatures
  5 adders
  A river rat (D:4)
  2 oozes
  4 worms
  A dart slug (D:3)
  3 leopard geckos
  3 orcs (D:3)
  5 giant cockroaches
  7 goblins
  9 hobgoblins
  2 jackals (D:2)
  3 kobolds
  A ball python (D:1)
  5 bats
  5 frilled lizards
  9 rats
65 creatures vanquished.

Notes
Turn   | Place    | Note
-------+----------+-------------------------------------------
     0 | D:1      | shakethe the Gargoyle Fighter began the quest for the Orb.
     0 | D:1      | Reached XP level 1. HP: 14/14 MP: 1/1
   193 | D:1      | Reached skill level 2 in Axes
   288 | D:1      | Reached XP level 2. HP: 19/19 MP: 2/2
   777 | D:2      | Reached XP level 3. HP: 23/23 MP: 3/3
  1094 | D:2      | Reached skill level 3 in Axes
  1094 | D:2      | Reached XP level 4. HP: 27/29 MP: 4/4
  1163 | D:2      | Reached skill level 4 in Fighting
  1216 | D:2      | Reached skill level 4 in Armour
  1546 | D:2      | Found a glowing silver altar of Zin.
  1827 | D:3      | Found a sacrificial altar of Ru.
  2125 | D:3      | Reached XP level 5. HP: 33/33 MP: 5/5
  2453 | D:4      | Found a burning altar of Makhleb.
  2495 | D:4      | Found a glowing drain.
  2498 | D:4      | Noticed Sigmund
  2510 | D:4      | HP: 5/33 [something/magic dart (4)]
  2511 | D:4      | HP: 2/33 [river rat (3)]
  2511 | D:4      | Killed from afar by Sigmund

Skill      XL: |  1  2  3  4 |
---------------+-------------+-----
Axes           | 2 3 |  3.6
Fighting       | 4 |  4.2
Armour         | 4 |  4.2
Shields        | |  3.2

Action                   |  1- 3 |  4- 6 || total
-------------------------+-------+-------++-------
Melee: War axe           |   163 |   136 ||   299
  Use: Potion            |       |     1 ||     1
  Eat: Chunk             |       |     5 ||     5
Armor: Scale mail        |    13 |       ||    13
       Chain mail        |   102 |    68 ||   170
       Plate armour      |       |    49 ||    49
Dodge: Dodged            |    34 |    28 ||    62
Block: Shield            |    95 |    87 ||   182

Vault maps used:
D:1:      elethiomel_arrival_maze
D:2:      zin_scriptorium, serial_forest, infiniplex_forest_3_way,
          infiniplex_forest_lined_3_way, infiniplex_forest_lined_4_way,
          infiniplex_forest_clump_small, infiniplex_forest_end_3
D:3:      nicolae_ru_sacrificial_ziggurat
D:4:      kennysheep_little_box, lemuel_round_altar,
          nicolae_overflow_quartered_altars, minmay_temple_entry_crystal_x,
          serial_shops, kennysheep_mini_moat, first_ration,
          portal_sewer_entry_a, grunt_decor_one_mirror, xom_redecorated,
          uniq_menkaure, uniq_sigmund

Table legend:
 A = Turns spent in this place as a percentage of turns spent in the entire game.
 B = Non-inter-level travel turns spent in this place as a percentage of non-inter-level travel turns spent in the entire game.
 C = Inter-level travel turns spent in this place as a percentage of turns spent in this place.
 D = Turns resting spent in this place as a percentage of non-inter-level travel turns spent in this place.
 E = Turns spent auto-exploring this place as a percentage of non-inter-level travel turns spent in this place.
 F = Non-inter-level travel turns spent in this place divided by the number of levels of this place that you've seen.
                   A       B       C       D       E      F
               +-------+-------+-------+-------+-------+----------------------
         Total | 100.0 | 100.0 |   1.3 |   0.0 |  73.9 | 619.8
       Dungeon | 100.0 | 100.0 |   1.3 |   0.0 |  73.9 | 619.8
               +-------+-------+-------+-------+-------+----------------------

Table legend:
 A = Kills in this place as a percentage of kills in entire the game.
 B = Kills by you in this place as a percentage of kills by you in the entire game.
 C = Kills by friends in this place as a percentage of kills by friends in the entire game.
 D = Other kills in this place as a percentage of other kills in the entire game.
 E = Experience gained in this place as a percentage of experience gained in the entire game.
 F = Experience gained in this place divided by the number of levels of this place that you have seen.
                   A       B       C       D       E      F
               +-------+-------+-------+-------+-------+----------------------
         Total | 100.0 | 100.0 |   N/A |   N/A | 100.0 |  51.5
       Dungeon | 100.0 | 100.0 |   N/A |   N/A | 100.0 |  51.5
               +-------+-------+-------+-------+-------+----------------------
